 Dungeon Crawl Stone Soup version 0.22-a0-196-gee22f27 (webtiles) character file.

466 NeonDemon the Grasshopper (level 7, 56/56 HPs)
             Began as a Gnoll Warper on Feb 17, 2018.
             Quit the game on level 5 of the Dungeon.
             The game lasted 00:21:42 (1607 turns).

NeonDemon the Grasshopper (Gnoll Warper)            Turns: 1607, Time: 00:21:42

Health: 56/56      AC:  6    Str: 15    XL:     7   Next: 8%
Magic:  15/15      EV: 15    Int: 16    God:
Gold:   123        SH:  5    Dex: 18    Spells: 6/17 levels left

rFire    . . .     SeeInvis .     - Unarmed
rCold    . . .     Gourm    .   i - +0 buckler
rNeg     . . .     Faith    .   a - +0 leather armour
rPois    .         Spirit   .   k - +2 helmet
rElec    .         Reflect  .   (no cloak)
rCorr    .         Harm     .   (no gloves)
MR       .....                  (no boots)
Stlth    ++........             (no amulet)
HPRegen  0.18/turn              l - +4 ring of dexterity
MPRegen  0.14/turn              (no ring)

@: no status effects
A: distributed training, fangs 1, strong nose
a: no special abilities


You were on level 5 of the Dungeon.
You were not hungry.

You visited 2 branches of the dungeon, and saw 6 of its levels.

You collected 123 gold pieces.

Inventory:

Hand Weapons
 e - a cursed -1 longbow
Missiles
 d - 5 tomahawks of dispersal (quivered)
Armour
 a - a +0 leather armour (worn)
 i - a +0 buckler (worn)
 k - a +2 helmet (worn)
 p - a +0 ring mail
Magical Staves
 m - a cursed staff of power {unknown}
Jewellery
 l - a +4 ring of dexterity (left hand)
Wands
 j - a wand of acid (4)
Scrolls
 c - a scroll of blinking {!r}
 g - a scroll of enchant weapon
 r - a scroll of noise {!r}
Potions
 b - 2 potions of heal wounds {unknown}
 h - a potion of haste {unknown}
 n - a potion of brilliance {unknown}
 o - 4 potions of curing {unknown}
 q - a potion of lignification {unknown}
 s - a potion of resistance {unknown}
Comestibles
 f - 5 rations


   Skills:
 + Level 5.1 Fighting
 + Level 2.2 Short Blades
 + Level 2.2 Long Blades
 + Level 2.2 Axes
 + Level 2.2 Maces & Flails
 + Level 2.2 Polearms
 + Level 2.2 Staves
 + Level 2.2 Slings
 + Level 2.2 Bows
 + Level 2.2 Crossbows
 + Level 3.4 Throwing
 + Level 3.4 Armour
 + Level 5.1 Dodging
 + Level 2.2 Stealth
 + Level 2.2 Shields
 + Level 5.1 Unarmed Combat
 + Level 5.5 Spellcasting
 + Level 1.8 Conjurations
 + Level 1.8 Hexes
 + Level 1.8 Charms
 + Level 1.8 Summonings
 + Level 1.8 Necromancy
 + Level 5.7 Translocations
 + Level 1.8 Transmutations
 + Level 1.8 Fire Magic
 + Level 1.8 Ice Magic
 + Level 1.8 Air Magic
 + Level 1.8 Earth Magic
 + Level 1.8 Poison Magic
 + Level 2.4 Invocations
 + Level 2.2 Evocations


You had 6 spell levels left.
You knew the following spells:

 Your Spells              Type           Power        Failure   Level  Hunger
a - Shroud of Golubria    Chrm/Tloc      ###.......   7%          2    #......
b - Blink                 Tloc           N/A          3%          2    #......
c - Lesser Beckoning      Tloc           ###.......   6%          3    ###....
d - Passage of Golubria   Tloc           N/A          21%         4    ####...


Dungeon Overview and Level Annotations

Branches:
Dungeon (5/15)             Temple (1/1) D:4

Altars:
Gozag
Hepliaklqana
Kikubaaqudgha
Makhleb
Okawaru
Qazlal
Sif Muna
Trog
Vehumet
Wu Jian
Xom


Innate Abilities, Weirdness & Mutations

Your experience applies equally to all skills.
You have very sharp teeth.
Your uncanny sense of smell can sniff out nearby items.


Message History

You miss the crimson imp.
The crimson imp is lightly wounded.
The crimson imp picks up a beetle and eats it.
The crimson imp closely misses you.
You closely miss the crimson imp.
You bite the crimson imp, but do no damage.
The crimson imp blinks!
You hit the crimson imp.
You bite the crimson imp, but do no damage.
The crimson imp is heavily wounded.
The crimson imp blinks!
You miss the crimson imp. Your bite misses the crimson imp.
The crimson imp is moderately wounded.
The crimson imp blinks!
You see here a coppery potion.
b - 2 coppery potions (gained 1)
The crimson imp shouts, "Return whence thou came, thou foisting crook-pated erk!"
The crimson imp blinks!
The crimson imp blinks!
Are you sure you want to abandon this character and quit the game? (Confirm with "yes".)

#.. ...
#..### #.#
#....###.# #
#######.....#
#
..#....##ยง.#
#
#.#..####..##
# #.#..#
#.5.# #
#..5.# #...#
#######.###
###@#
........#
#........
#######.#
#.####### #
#.# #.# #.#
#.# #.# #..
#### #.# #.#
..... #.# .##
####. .#


You could see a crimson imp.

Vanquished Creatures
  Grinder
  2 scorpions
  A hound
  A worker ant
  A hound skeleton
  2 gnolls
  4 adders
  An ooze
  2 adder skeletons
  2 dart slugs
  A leopard gecko
  6 orcs
  2 ball pythons
  2 giant cockroaches
  2 goblins
  A hobgoblin
  3 quokkas
  3 bats
  4 frilled lizards
  A kobold
  A rat
43 creatures vanquished.

Vanquished Creatures (others)
  A human
1 creature vanquished.

Grand Total: 44 creatures vanquished

Notes
Turn   | Place    | Note
-------+----------+-------------------------------------------
     0 | D:1      | NeonDemon the Gnoll Warper began the quest for the Orb.
     0 | D:1      | Reached XP level 1. HP: 20/20 MP: 6/6
   153 | D:1      | Reached XP level 2. HP: 22/26 MP: 7/7
   165 | D:1      | Learned a level 2 spell: Shroud of Golubria
   313 | D:2      | Learned a level 2 spell: Blink
   336 | D:3      | Reached XP level 3. HP: 31/31 MP: 6/9
   352 | D:3      | Reached skill level 5 in Spellcasting
   454 | D:3      | Reached skill level 1 in Invocations
   582 | D:3      | Found a bloodstained altar of Trog.
   583 | D:3      | Found a deep blue altar of Sif Muna.
   640 | D:4      | Noticed a phantom
   654 | D:3      | Reached skill level 1 in Short Blades
   654 | D:3      | Reached skill level 1 in Long Blades
   654 | D:3      | Reached skill level 1 in Axes
   654 | D:3      | Reached skill level 1 in Maces & Flails
   654 | D:3      | Reached skill level 1 in Polearms
   654 | D:3      | Reached skill level 1 in Staves
   654 | D:3      | Reached skill level 1 in Slings
   654 | D:3      | Reached skill level 1 in Bows
   654 | D:3      | Reached skill level 1 in Crossbows
   654 | D:3      | Reached skill level 1 in Stealth
   654 | D:3      | Reached skill level 1 in Shields
   654 | D:3      | Reached skill level 1 in Evocations
   654 | D:3      | Reached XP level 4. HP: 38/38 MP: 9/11
   783 | D:4      | Noticed Grinder
   791 | D:4      | Learned a level 3 spell: Lesser Beckoning
   812 | D:4      | Reached skill level 1 in Conjurations
   812 | D:4      | Reached skill level 1 in Hexes
   812 | D:4      | Reached skill level 1 in Charms
   812 | D:4      | Reached skill level 1 in Summonings
   812 | D:4      | Reached skill level 1 in Necromancy
   812 | D:4      | Reached skill level 1 in Transmutations
   812 | D:4      | Reached skill level 1 in Fire Magic
   812 | D:4      | Reached skill level 1 in Ice Magic
   812 | D:4      | Reached skill level 1 in Air Magic
   812 | D:4      | Reached skill level 1 in Earth Magic
   812 | D:4      | Reached skill level 1 in Poison Magic
   812 | D:4      | Reached XP level 5. HP: 6/43 MP: 12/12
   812 | D:4      | Killed Grinder
   812 | D:4      | Reached skill level 5 in Fighting
   812 | D:4      | Reached skill level 3 in Throwing
   812 | D:4      | Reached skill level 3 in Armour
   812 | D:4      | Reached skill level 5 in Dodging
   812 | D:4      | Reached skill level 5 in Unarmed Combat
   812 | D:4      | Reached skill level 2 in Invocations
   812 | D:4      | Reached XP level 6. HP: 8/51 MP: 14/14
   823 | D:4      | Learned a level 4 spell: Passage of Golubria
   918 | D:4      | Found a staircase to the Ecumenical Temple.
   924 | Temple   | Entered the Ecumenical Temple
  1017 | D:4      | Reached skill level 2 in Short Blades
  1017 | D:4      | Reached skill level 2 in Long Blades
  1017 | D:4      | Reached skill level 2 in Axes
  1017 | D:4      | Reached skill level 2 in Maces & Flails
  1017 | D:4      | Reached skill level 2 in Polearms
  1017 | D:4      | Reached skill level 2 in Staves
  1017 | D:4      | Reached skill level 2 in Slings
  1017 | D:4      | Reached skill level 2 in Bows
  1017 | D:4      | Reached skill level 2 in Crossbows
  1017 | D:4      | Reached skill level 2 in Stealth
  1017 | D:4      | Reached skill level 2 in Shields
  1017 | D:4      | Reached skill level 2 in Evocations
  1279 | D:5      | Entered Level 5 of the Dungeon
  1351 | D:5      | Found an ancient bone altar of Kikubaaqudgha.
  1352 | D:5      | Noticed a human
  1355 | D:5      | Killed a human
  1385 | D:5      | Reached XP level 7. HP: 56/56 MP: 13/15
  1607 | D:5      | Quit the game

Vault maps used:
D:1:      shiori_arrival_whats_in_store_for_you, minmay_split_cup_small
D:2:      hex_intersection, minmay_misc_feat_tower, kennysheep_okawaru_gauntlet
D:3:      amethyst_overflow_temple_binary, chequers_ecumenical_altar_simple
D:4:      minmay_temple_entry_overgrown, first_ration, uniq_grinder
D:5:      tgw_kikubaaqudgha
Temple:   compressed_dpeg_triangle_lava_temple

Skill      XL: |  1  2  3  4  5  6 |
---------------+-------------------+-----
Spellcasting   | 5 |  5.5
Invocations    | 1 2 |  2.4
Short Blades   | 1 2 |  2.2
Long Blades    | 1 2 |  2.2
Axes           | 1 2 |  2.2
Maces & Flails | 1 2 |  2.2
Polearms       | 1 2 |  2.2
Staves         | 1 2 |  2.2
Slings         | 1 2 |  2.2
Bows           | 1 2 |  2.2
Crossbows      | 1 2 |  2.2
Stealth        | 1 2 |  2.2
Shields        | 1 2 |  2.2
Evocations     | 1 2 |  2.2
Conjurations   | 1 |  1.8
Hexes          | 1 |  1.8
Charms         | 1 |  1.8
Summonings     | 1 |  1.8
Necromancy     | 1 |  1.8
Transmutations | 1 |  1.8
Fire Magic     | 1 |  1.8
Ice Magic      | 1 |  1.8
Air Magic      | 1 |  1.8
Earth Magic    | 1 |  1.8
Poison Magic   | 1 |  1.8
Fighting       | 5 |  5.1
Throwing       | 3 |  3.4
Armour         | 3 |  3.4
Dodging        | 5 |  5.1
Unarmed Combat | 5 |  5.1
Translocations | |  5.7

Action                   |  1- 3 |  4- 6 |  7- 9 || total
-------------------------+-------+-------+-------++-------
Melee: Unarmed           |    94 |   103 |    81 ||   278
       Punch             |     2 |       |       ||     2
       Bite              |     2 |    10 |    11 ||    23
 Cast: Shroud of Golubri |     9 |     7 |     3 ||    19
       Blink             |     4 |       |     1 ||     5
Evoke: Wand              |     1 |     4 |       ||     5
  Use: Scroll            |     1 |     5 |       ||     6
  Eat: Ration            |       |     1 |       ||     1
Armor: Leather armour    |    17 |    15 |    12 ||    44
Dodge: Dodged            |    51 |    53 |    43 ||   147
Block: Buckler           |    10 |    10 |    14 ||    34

Table legend:
 A = Spawn XP
 B = Non-spawn XP
 C = Spawn XP percentage of total XP
 D = Spawn monster count
 E = Non-spawn monster count
 F = Spawn count percentage of total count
 G = Total turns spent on level
                    A         B        C        D         E        F      G
               +---------+---------+-------+---------+---------+-------+---------
         Total |       0 |     667 |   0.0 |       0 |      43 |   0.0 |  1607
               +---------+---------+-------+---------+---------+-------+---------
           D:1 |       0 |      13 |   0.0 |       0 |       6 |   0.0 |   172
           D:2 |       0 |       6 |   0.0 |       0 |       4 |   0.0 |   145
           D:3 |       0 |      80 |   0.0 |       0 |      15 |   0.0 |   425
           D:4 |       0 |     445 |   0.0 |       0 |      13 |   0.0 |   476
           D:5 |       0 |     123 |   0.0 |       0 |       5 |   0.0 |   320
               +---------+---------+-------+---------+---------+-------+---------
